 Dungeon Crawl Stone Soup version 0.21.1-1-g345015fe64 (webtiles) character file.

5671 Htamos the Carver (level 10, -12/93 HPs)
             Began as a Minotaur Berserker on July 4, 2018.
             Was a High Priest of Trog.
             Mangled by Erolcha
             ... wielding a +0 giant spiked club
              (14 damage)
             ... on level 9 of the Dungeon.
             The game lasted 00:23:56 (7183 turns).

Htamos the Carver (Minotaur Berserker)              Turns: 7183, Time: 00:23:56

Health: -12/93     AC: 18    Str: 25      XL:     10   Next: 47%
Magic:  9/9        EV: 10    Int:  1 (4)  God:    Trog [*****.]
Gold:   535        SH:  3    Dex: 10      Spells: 9/9 levels left

rFire    . . .     SeeInvis .   C - +0 long sword
rCold    . . .     Gourm    .   (no shield)
rNeg     . . .     Faith    .   n - +0 chain mail
rPois    +         Spirit   .   (helmet restricted)
rElec    .         Reflect  +   (no cloak)
rCorr    .         Harm     .   h - +2 pair of gloves
MR       .....                  l - +2 pair of boots
Stlth    ..........             i - +3 amulet of reflection
HPRegen  0.25/turn              d - ring of poison resistance
MPRegen  0.11/turn              (no ring)

@: very slightly contaminated
A: retaliatory headbutt, horns 2
a: Berserk, Trog's Hand, Brothers in Arms, Burn Spellbooks, Renounce Religion


You were on level 9 of the Dungeon.
You worshipped Trog.
Trog was extremely pleased with you.
You were not hungry.

You visited 1 branch of the dungeon, and saw 9 of its levels.
You visited the Abyss 1 time.

You collected 535 gold pieces.

Inventory:

Hand Weapons
 a - a +0 falchion
 C - a +0 long sword (weapon)
Missiles
 A - 5 needles of frenzy (quivered)
Armour
 h - a +2 pair of gloves (worn)
 l - a +2 pair of boots (worn)
 n - a +0 chain mail (worn)
 p - a +2 pair of gloves
Jewellery
 d - a ring of poison resistance (left hand)
 i - a +3 amulet of reflection (around neck)
 k - an uncursed amulet of rage
 q - an uncursed ring of ice {unknown}
 y - the amulet of Midwinter {Faith rF+ Str+3, unknown}
   (You found it on level 5 of the Dungeon)

   [amulet of faith]

   It allows you to gain divine favour quickly.
   It affects your strength (+3).
   It protects you from fire.
 E - a cursed -4 ring of protection {unknown}
Wands
 g - a wand of acid (7)
 o - a wand of iceblast (21)
 x - a wand of polymorph (24)
 D - a wand of paralysis (29)
Scrolls
 e - a scroll of summoning {unknown}
 j - 3 scrolls of magic mapping
 t - 9 scrolls of identify
 v - 5 scrolls of remove curse
 H - a scroll of torment {unknown}
 I - a scroll of teleportation {unknown}
Potions
 b - a potion of degeneration {unknown}
 f - a potion of agility {unknown}
 m - 4 potions of flight {unknown}
 r - 2 potions of cancellation {unknown}
 w - 2 potions of mutation {unknown}
 z - 2 potions of heal wounds {unknown}
 B - 2 potions of curing {unknown}
 F - 4 potions of might
 G - a potion of magic {unknown}
Comestibles
 c - 12 rations


   Skills:
 * Level 10.0 Fighting
 + Level 13.6 Long Blades
 + Level 8.8 Armour
 + Level 3.2 Dodging


You had 9 spell levels left.
You didn't know any spells.

Dungeon Overview and Level Annotations

Branches:
Dungeon (9/15)             Temple (0/1) D:5            Lair (0/6) D:8
    Orc: D:9-12

Altars:
Cheibriados
Dithmenos
Elyvilon
Fedhas
Gozag
Okawaru
Qazlal
Sif Muna
Vehumet
Wu Jian
Xom
The Shining One

Shops:
D:6 }

Annotations:
D:9 Erolcha


Innate Abilities, Weirdness & Mutations

You reflexively headbutt those who attack you in melee.
You have a pair of horns on your head.


Message History

Erolcha points at you and mumbles some strange words.
The stone arrow hits you!
Found 4 large rocks.
Erolcha casts a spell at you. You resist with some effort.
You closely miss Erolcha. You headbutt Erolcha.
Erolcha is heavily wounded.
Erolcha hits you with a giant spiked club!
* * * LOW HITPOINT WARNING * * *
You hit Erolcha but do no damage. You headbutt Erolcha, but do no damage.
Erolcha is heavily wounded.
You barely miss Erolcha.
Erolcha is heavily wounded.
Erolcha gestures at you while chanting. The stone arrow hits you!
* * * LOW HITPOINT WARNING * * *
You slash Erolcha!
Erolcha is severely wounded.
Erolcha hits you with a giant spiked club!
You die...

#### .(.# ...#
...+ ...# ..#
#####O.####
+...@.....#
#.........#
####'#######
#).........#
#.##..####.#
#.##..####.#
#..........#
#####'##########
#.........#..#


You could see Erolcha.

Vanquished Creatures
  A two-headed ogre (D:9)
  Joseph (D:9)
  A hellwing (Abyss:1)
  An ice devil (Abyss:1)
  4 hippogriffs
  2 wargs (D:8)
  2 orc warriors (D:7)
  4 ice beasts
  A small abomination (Abyss:1)
  2 phantoms
  3 ogres
  2 centaurs
  6 bullfrogs
  A scorpion (D:6)
  A howler monkey (D:8)
  2 crimson imps (D:7)
  A centaur zombie (D:6)
  A gnoll shaman (D:7)
  7 orc priests
  4 hounds
  14 orc wizards
  3 bullfrog skeletons
  Terence (D:2)
  2 iguanas
  9 worker ants
  A howler monkey zombie (D:6)
  A worker ant zombie (D:7)
  A howler monkey skeleton (D:5)
  10 gnolls
  7 adders
  A shadow imp (D:8)
  An ooze (D:6)
  3 worms
  2 dart slugs
  4 leopard geckos
  56 orcs
  8 bats
  7 giant cockroaches
  12 goblins
  6 hobgoblins
  15 jackals
  6 kobolds
  6 quokkas
  2 ball pythons
  7 frilled lizards
  2 jackal skeletons
  A leopard gecko skeleton (D:4)
  7 rats
242 creatures vanquished.

Notes
Turn   | Place    | Note
-------+----------+-------------------------------------------
     0 | D:1      | Htamos the Minotaur Berserker began the quest for the Orb.
     0 | D:1      | Reached XP level 1. HP: 19/19 MP: 0/0
    18 | D:1      | Reached skill level 4 in Long Blades
    39 | D:1      | Reached XP level 2. HP: 22/27 MP: 1/1
   667 | D:1      | Reached ** piety under Trog
   823 | D:2      | Found an iron altar of Okawaru.
   829 | D:2      | Reached XP level 3. HP: 29/33 MP: 2/2
  1018 | D:2      | Reached skill level 5 in Long Blades
  1051 | D:2      | Noticed Terence
  1057 | D:2      | Killed Terence
  1057 | D:2      | Reached XP level 4. HP: 39/41 MP: 3/3
  1631 | D:3      | Reached XP level 5. HP: 45/47 MP: 4/4
  1720 | D:3      | Reached *** piety under Trog
  1840 | D:3      | Reached skill level 6 in Long Blades
  2110 | D:4      | Noticed an ice beast
  2129 | D:4      | Killed an ice beast
  2157 | D:4      | Reached XP level 6. HP: 49/55 MP: 5/5
  2186 | D:4      | Found a glowing golden altar of the Shining One.
  2228 | D:4      | Reached skill level 5 in Fighting
  2248 | D:4      | Found an opulent altar of Gozag.
  2307 | D:4      | Reached skill level 7 in Long Blades
  2403 | D:4      | Reached skill level 8 in Long Blades
  2704 | D:4      | Noticed an ice beast
  2719 | D:4      | Killed an ice beast
  2719 | D:4      | Reached XP level 7. HP: 40/61 MP: 6/6
  3020 | D:4      | Reached **** piety under Trog
  3254 | D:5      | Entered Level 5 of the Dungeon
  3283 | D:5      | Found a staircase to the Ecumenical Temple.
  3604 | D:5      | Reached skill level 9 in Long Blades
  3628 | D:5      | Got a scintillating jade amulet
  3685 | D:5      | Found a blossoming altar of Fedhas.
  3715 | D:5      | Received a gift from Trog
  3854 | D:5      | Reached skill level 5 in Armour
  4092 | D:5      | Reached XP level 8. HP: 66/69 MP: 7/7
  4123 | D:5      | Found a shimmering altar of Xom.
  4131 | D:5      | Found a shadowy altar of Dithmenos.
  4134 | D:5      | Found an ornate altar of the Wu Jian Council.
  4191 | D:6      | Reached skill level 10 in Long Blades
  4222 | D:6      | Noticed a hippogriff
  4234 | D:6      | Killed a hippogriff
  4437 | D:6      | Reached skill level 11 in Long Blades
  4652 | D:6      | Found Niron's Gadget Boutique.
  5012 | D:7      | Reached XP level 9. HP: 77/77 MP: 8/8
  5079 | D:7      | Found a deep blue altar of Sif Muna.
  5079 | D:7      | Found a snail-covered altar of Cheibriados.
  5080 | D:7      | Found a stormy altar of Qazlal.
  5097 | D:7      | Reached ***** piety under Trog
  5111 | D:7      | Found a blossoming altar of Fedhas.
  5113 | D:7      | Found a white marble altar of Elyvilon.
  5113 | D:7      | Found a radiant altar of Vehumet.
  5138 | D:7      | Reached skill level 12 in Long Blades
  5811 | D:7      | Received a gift from Trog
  6323 | D:8      | Found a staircase to the Lair.
  6437 | D:8      | Reached skill level 13 in Long Blades
  6451 | D:8      | Reached XP level 10. HP: 75/91 MP: 9/9
  6841 | D:9      | Noticed Joseph
  6852 | D:9      | Killed Joseph
  6933 | D:9      | Noticed a two-headed ogre
  6940 | D:9      | Killed a two-headed ogre
  6992 | D:9      | Noticed Erolcha
  6999 | D:9      | Cast into level 1 of the Abyss (Erolcha)
  7123 | Abyss:1  | Reached skill level 10 in Fighting
  7147 | Abyss:1  | Noticed a worldbinder
  7173 | Abyss:1  | Noticed a worldbinder
  7175 | Abyss:1  | Noticed a glowing orange brain
  7176 | Abyss:1  | Noticed a glowing orange brain
  7176 | Abyss:1  | Noticed a merfolk siren
  7177 | D:9      | Escaped the Abyss
  7182 | D:9      | HP: 1/93 [Erolcha/stone arrow (18)]
  7183 | D:9      | Mangled by Erolcha

Skill      XL: |  1  2  3  4  5  6  7  8  9 10 |
---------------+-------------------------------+-----
Long Blades    | 4 5 6 8 9 11 13 | 13.6
Fighting       | 4 5 6 9 10 | 10.0
Armour         | 3 4 5 6 7 8 |  8.8
Dodging        | 3 |  3.2

Action                   |  1- 3 |  4- 6 |  7- 9 | 10-12 || total
-------------------------+-------+-------+-------+-------++-------
Melee: Falchion          |    69 |   180 |   102 |       ||   351
       Headbutt          |    14 |    31 |   105 |    20 ||   170
       Long sword        |       |       |   295 |    64 ||   359
Throw: Throwing net      |       |       |     1 |       ||     1
Invok: Burn Spellbooks   |       |       |     1 |     1 ||     2
Evoke: Wand              |       |       |       |     4 ||     4
  Use: Scroll            |     5 |     1 |     2 |     2 ||    10
       Potion            |       |       |     1 |       ||     1
  Eat: Chunk             |       |     5 |    10 |     2 ||    17
       Ration            |       |       |     1 |       ||     1
Armor: Animal skin       |     3 |       |       |       ||     3
       Scale mail        |    10 |       |       |       ||    10
       Chain mail        |    16 |    87 |   195 |    25 ||   323
Dodge: Dodged            |    44 |    66 |   166 |    24 ||   300
Block: Other             |     3 |    22 |    39 |     3 ||    67
       Reflection        |       |     1 |     2 |       ||     3
       Rpst.: Falchion   |     8 |    17 |    13 |       ||    38
       Long sword        |       |       |    34 |     3 ||    37
